 Dungeon Crawl Stone Soup version 0.31-a0-229-g1fc7ce93e2 (webtiles) character file.

Game seed: 10100961998505972430

170 qw the Shooter (level 5, -1/45 HPs)
             Began as a Minotaur Hexslinger on July 6, 2023.
             Slain by a gnoll
             ... wielding a +0 flail
              (2 damage)
             ... on level 3 of the Dungeon.
             The game lasted 00:00:53 (2186 turns).

qw the Shooter (Minotaur Hexslinger)                Turns: 2186, Time: 00:00:53

Health: -1/45      AC:  4    Str: 13    XL:     5   Next: 26%
Magic:  5/5        EV: 12    Int:  8    God:
Gold:   151        SH:  0    Dex: 14    Spells: 5/6 levels left

rFire   + . .        Y - +2 sling
rCold   x . .        (no shield)
rNeg    . . .        b - +0 leather armour
rPois   .            (helmet restricted)
rElec   .            (no cloak)
rCorr   .            (no gloves)
SInv    .            d - +0 pair of boots
Will    .....        e - amulet of regeneration
Stlth   ++           a - ring "Wenusaqa" {Fire Int-2 Slay+3 Stlth+}
HPRegen 1.07/turn    (no ring)
MPRegen 0.09/turn

%: no passive effects
@: no status effects
A: horns 2, retaliatory headbutt
a: no special abilities


You were on level 3 of the Dungeon.
You visited 1 branch of the dungeon, and saw 4 of its levels.

You collected 151 gold pieces.


Innate Abilities, Weirdness & Mutations

You have a pair of horns on your head.
You reflexively headbutt those who attack you in melee.


   Skills:
 - Level 3.0 Fighting
 + Level 5.5 Ranged Weapons
 - Level 2.1 Dodging
 - Level 1.0 Spellcasting
 - Level 2.0 Hexes


You had 5 spell levels left.
You knew the following spells:

 Your Spells              Type           Power      Damage    Failure   Level
a - Slow                  Hex            12%        N/A       22%         1

Your spell library contained the following spells:

 Spells                   Type           Power      Damage    Failure   Level
 Inner Flame              Hex/Fire       3%         N/A       69%         3
 Portal Projectile        Hex/Tloc       4%         N/A       69%         3
 Cause Fear               Hex            1%         N/A       91%         4

Inventory:

Hand Weapons
 Y - a +2 sling (weapon)
Armour
 b - a +0 leather armour (worn)
 d - a +0 pair of boots (worn)
Jewellery
 a - the ring "Wenusaqa" (left hand) {Fire Int-2 Slay+3 Stlth+}
   (You acquired it on level 2 of the Dungeon)

   [ring of fire]

   It enhances your fire magic.
   Int:       It affects your intelligence (-2).
   Slay:      It affects your accuracy & damage with ranged weapons and melee
   (+3).
   rF:        It protects you from fire.
   rC:        It makes you vulnerable to cold.
   Stlth:     It makes you more stealthy.
 e - an amulet of regeneration (around neck)
Potions
 c - a potion of curing
 f - a potion of attraction {unknown}
 g - a potion of degeneration {unknown}
 h - a potion of heal wounds {unknown}
 i - a potion of lignification {unknown}
 k - a potion of might
 l - a potion of enlightenment

Dungeon Overview and Level Annotations

Branches:
Dungeon (4/15)
 Temple: D:4-7

Altars:
Gozag
Vehumet


Message History

Where to? (* - list waypoints, Enter - D:4, ? - help)
What level of the Dungeon? (default 1, ? - help)
You climb downwards.
There is a stone staircase leading up, spattered with blood here.
There are monsters nearby!
You shoot a sling bullet.
The sling bullet closely misses the gnoll.
The gnoll hits you from afar with a +0 halberd!
The gnoll throws a throwing net.
The throwing net hits you.
You become entangled in the net!
You tear a large gash into the net.
The gnoll hits you from afar with a +0 halberd.
You struggle against the net.
The gnoll hits you from afar with a +0 halberd.
The gnoll hits you with a +0 flail.
You struggle against the net.
The gnoll hits you from afar with a +0 halberd.
You rip the net and break free!
The gnoll hits you with a +0 flail.
The gnoll hits you from afar with a +0 halberd!
2180 ||| STAIRDANCE The gnoll misses you.
The gnoll closely misses you.
You climb upwards.
There is a stone staircase leading down here.
You shoot a sling bullet. The sling bullet hits the gnoll.
The gnoll is moderately wounded.
The gnoll barely misses you.
You shoot a sling bullet. The sling bullet hits the gnoll.
The gnoll is severely wounded.
The gnoll barely misses you.
You shoot a sling bullet. The sling bullet hits the gnoll.
The gnoll is almost dead.
The gnoll hits you with a +0 flail.
You shoot a sling bullet.
The sling bullet closely misses the gnoll.
The gnoll hits you with a +0 flail.
You shoot a sling bullet.
The sling bullet barely misses the gnoll.
The gnoll hits you with a +0 flail. x2
You die...

#.............###......#
#.......##)......##.##.#
#.......###...#......#.#
#.......###...#..#...#.#
##########...........#.#
#..>.####.#.#.#
#..<..<.....#.#
########.#.g#####.##.####
#........%@[.......#....#
#.######.###...########.#
#.#...#........)#....##.#
#.#.)..#........#.##.##.#
#.###..#.._..####.##.##.#
#.# #.....8.......##....#
#.####.#.._....##########
#......#......##
###########...#


You could see a gnoll.

Vanquished Creatures
  Natasha (twice) (D:2)
  A gnoll (D:3)
  3 adders
  A worm (D:2)
  8 endoplasms
  3 giant cockroaches
  4 goblins
  13 hobgoblins
  8 jackals (D:3)
  A quokka (D:2)
  12 ball pythons
  6 bats (D:1)
  2 frilled lizards (D:3)
  3 kobolds
  7 rats
74 creatures vanquished.

Notes
Turn   | Place    | Note
-------+----------+-------------------------------------------
     0 | D:1      | qw the Minotaur Hexslinger began the quest for the Orb.
     0 | D:1      | Reached XP level 1. HP: 16/16 MP: 1/1
     0 | D:1      | 0 ||| qw: Version: 0.3-a-46-gb1f654a
     0 | D:1      | 0 ||| qw: Game counter: 1363
     0 | D:1      | 0 ||| qw: Melee chars always use a shield: true
     0 | D:1      | 0 ||| qw: God list: Okawaru
     0 | D:1      | 0 ||| qw: Allow faded altars: false
     0 | D:1      | 0 ||| qw: Do Orc after clearing Dungeon:15 true
     0 | D:1      | 0 ||| qw: Do second Lair branch before Depths: true
     0 | D:1      | 0 ||| qw: Lair rune preference: random
     0 | D:1      | 0 ||| qw: Goals: Normal
     0 | D:1      | 0 ||| PLANNING D:1-11
   100 | D:1      | Reached skill level 3 in Ranged Weapons
   101 | D:1      | Reached XP level 2. HP: 22/23 MP: 2/2
   335 | D:1      | Reached XP level 3. HP: 29/29 MP: 3/3
   733 | D:1      | 733 ||| UPGRADING to +0 pair of boots.
   738 | D:1      | 738 ||| UPGRADING to amulet of regeneration.
   743 | D:1      | 743 ||| DROPPING scroll of poison.
   779 | D:2      | 779 ||| STAIRDANCE
   923 | D:2      | Noticed Natasha
   927 | D:2      | Killed Natasha
   928 | D:2      | Reached skill level 4 in Ranged Weapons
   933 | D:2      | Reached XP level 4. HP: 36/36 MP: 4/4
  1293 | D:2      | Noticed Natasha
  1300 | D:2      | Killed Natasha
  1301 | D:2      | Reached skill level 5 in Ranged Weapons
  1528 | D:2      | 1528 ||| UPGRADING to +0 leather armour.
  1538 | D:2      | 1538 ||| DROPPING +0 robe.
  1539 | D:2      | 1539 ||| READING scroll labelled NONWYL OBLAADD.
  1540 | D:2      | 1540 ||| READING scroll labelled QUWKIR WIECWUK.
  1541 | D:2      | 1541 ||| READING scroll labelled VIH QUGHENKI.
  1541 | D:2      | Identified a scroll of acquirement
  1541 | D:2      | 1541 ||| ACQUIRING ring "Wenusaqa" {Fire Int-2 Slay+3
                  | Stlth+}
  1541 | D:2      | Acquired the ring "Wenusaqa" {Fire Int-2 Slay+3 Stlth+}
  1543 | D:2      | 1543 ||| UPGRADING to ring "Wenusaqa" {Fire Int-2 Slay+3
                  | Stlth+}.
  1544 | D:2      | 1544 ||| READING scroll labelled MUBANGE JUABBU.
  1548 | D:2      | 1548 ||| READING scroll labelled EGERHOGHANN.
  1549 | D:2      | 1549 ||| DRINKING 2 purple potions.
  1670 | D:3      | 1670 ||| Stepping ~*~*~tactically~*~*~ (water).
  1710 | D:3      | Reached XP level 5. HP: 42/42 MP: 5/5
  1714 | D:3      | Found a radiant altar of Vehumet.
  1714 | D:3      | Found an opulent altar of Gozag.
  1883 | D:3      | Found a faded altar of an unknown god.
  1890 | D:3      | Reached skill level 3 in Fighting
  2130 | D:3      | 2130 ||| DRINKING 2 clear potions.
  2154 | D:4      | 2154 ||| STAIRDANCE
  2179 | D:4      | HP: 11/45 [gnoll/+0 flail (6)]
  2179 | D:4      | HP: 4/45 [gnoll/+0 halberd (7)]
  2180 | D:4      | 2180 ||| STAIRDANCE
  2184 | D:3      | HP: 9/45 [gnoll/+0 flail (2)]
  2186 | D:3      | HP: 1/45 [gnoll/+0 flail (5)]
  2186 | D:3      | Slain by a gnoll

Levels and vault maps discovered:
D:1:      amcnicky_arrival_blooded_trapdoor, layout_loops_ring, serial_bayou,
          serial_bayou_shore_b, serial_bayou_pond_e, serial_bayou_pond_a,
          serial_bayou_shore_b, serial_bayou_pond_d, serial_bayou_ford_a
D:2:      layout_loops_ring, uniq_natasha
D:3:      layout_basic, chequers_temple_overflow_statue_of_worship,
          basic_ecumenical_altar, serial_bayou_crossing
D:4:      minmay_chambers_of_fours, layout_cave_pools, serial_shops,
          nicolae_stop_n_shop_2, shop, shop, grunt_ministairs_7, st_stairs_7,
          uniq_blork_the_orc, uniq_crazy_yiuf_cottage

Skill      XL: |  1  2  3  4  5 |
---------------+----------------+-----
Ranged Weapons | 3 4 5 |  5.5
Fighting       | 2 3 |  3.0
Dodging        | |  2.1
Spellcasting   | |  1.0
Hexes          | |  2.0

Action                     |  1- 3 |  4- 6 || total
---------------------------+-------+-------++-------
   Fire: Sling             |    96 |   105 ||   201
    Use: Scroll            |       |     5 ||     5
         Potion            |       |     2 ||     2
 Armour: Robe              |     6 |     2 ||     8
         Leather armour    |       |     2 ||     2
  Dodge: Dodged            |    23 |    23 ||    46

Table legend:
 A = Non-vault XP
 B = Vault XP
 C = Vault XP percentage of total XP
 D = Non-vault monster count
 E = Vault monster count
 F = Vault count percentage of total count
                 A         B        C        D         E       F
            +---------+---------+-------+---------+---------+-------
      Total |     209 |      35 |  14.3 |      73 |       1 |   1.4
            +---------+---------+-------+---------+---------+-------
        D:1 |      59 |       0 |   0.0 |      30 |       0 |   0.0
        D:2 |      75 |      35 |  31.8 |      15 |       1 |   6.2
        D:3 |      75 |       0 |   0.0 |      28 |       0 |   0.0
            +---------+---------+-------+---------+---------+-------
